SAAA
ATHLETIC CLUB KC RESERVES @ SANTA BARBARA GOLDEN CRANES
07/03/2021
 
TOP OF THE 1ST
Athletic Club KC Reserves batting - Pitching for Santa Barbara Golden Cranes : RHP Jim Unknown
Pitching: RHP Jim Unknown
Batting: RHB Javier Díaz 0-0: Called Strike
0-1: SOLO HOME RUN (Flyball, 7LD), Distance : 368 ft
Batting: LHB Matt Hartnett 0-0: Bunt for hit - play at first, batter OUT! 1-3
Batting: RHB Bill Dennis 0-0: Called Strike
0-1: Ball
1-1: Ground out 1-3 (Groundball, 13S)
Batting: LHB Rafael García 0-0: Ball
1-0: Called Strike
1-1: Ball
2-1: SINGLE (Line Drive, 6MD)
Batting: RHB Robert Hill 0-0: Fly out, F8 (Line Drive, 8RM)
Top of the 1st over - 1 run(s), 2 hit(s), 0 error(s), 1 left on base; Athletic Club KC 1 - Santa Barbara 0
BOTTOM OF THE 1ST
Santa Barbara Golden Cranes batting - Pitching for Athletic Club KC Reserves : RHP Eric Sharp
Pitching: RHP Eric Sharp
Batting: RHB José Masaferro 0-0: Ball
1-0: Foul Ball, location: 2F
1-1: Bunted foul
1-2: Ball
2-2: Ground out 6-3 (Groundball, 6M)
Batting: RHB Kyle Dempsey 0-0: Ball
1-0: Foul Ball, location: 2F
1-1: Foul Ball, location: 2F
1-2: Fly out, F8 (Line Drive, 8RXD)
Batting: RHB Tom Baker 0-0: Swinging Strike
0-1: Swinging Strike
0-2: Ball
1-2: Ball
2-2: SINGLE (Line Drive, 89M)
Batting: RHB Bill Taylor 0-0: Ball
1-0: Called Strike
1-1: Ball
2-1: Fly out, F9 (Flyball, 89M)
Bottom of the 1st over - 0 run(s), 1 hit(s), 0 error(s), 1 left on base; Athletic Club KC 1 - Santa Barbara 0
TOP OF THE 2ND
Athletic Club KC Reserves batting - Pitching for Santa Barbara Golden Cranes : RHP Jim Unknown
Batting: LHB Eduardo López 0-0: Called Strike
0-1: Foul Ball, location: 2F
0-2: Fly out, F7 (Flyball, 78M)
Batting: RHB Máximo Padilla 0-0: Ball
1-0: Foul Ball, location: 2F
1-1: Called Strike
1-2: Foul Ball, location: 2F
1-2: SINGLE (Line Drive, 8LS)
Batting: SHB Evan Adams 0-0: Called Strike
0-1: Ball
1-1: Foul Ball, location: 2F
1-2: SINGLE (Line Drive, 6D)
Máximo Padilla to second
Batting: LHB Greg Robinson 0-0: Called Strike
0-1: Ball
1-1: SINGLE (Line Drive, 8RS)
Máximo Padilla to third
Evan Adams to second
Batting: RHB Javier Díaz 0-0: Swinging Strike
0-1: Swinging Strike
0-2: Ball
1-2: Strikes out swinging
Batting: LHB Matt Hartnett 0-0: Swinging Strike
0-1: Fly out, F9 (Flyball, 89S)
Top of the 2nd over - 0 run(s), 3 hit(s), 0 error(s), 3 left on base; Athletic Club KC 1 - Santa Barbara 0
BOTTOM OF THE 2ND
Santa Barbara Golden Cranes batting - Pitching for Athletic Club KC Reserves : RHP Eric Sharp
Batting: SHB Shojiro Kimura 0-0: Ball
1-0: Called Strike
1-1: Ball
2-1: Called Strike
2-2: Strikes out swinging
Batting: LHB Miguel Mendoza 0-0: Called Strike
0-1: Ball
1-1: Called Strike
1-2: Foul Ball, location: 2F
1-2: Foul Ball, location: 2F
1-2: Ball
2-2: Ball
3-2: Foul Ball, location: 2F
3-2: SINGLE (Groundball, 5D)
Batting: RHB Ricardo Pérez 0-0: Ball
1-0: Swinging Strike
1-1: Ball
2-1: Called Strike
2-2: Reached on error, E5 (Groundball, 5L)
Miguel Mendoza to second
Batting: RHB Bill Childers 0-0: Ball
1-0: SINGLE (Flyball, 4D)
Miguel Mendoza to third
Ricardo Pérez to second
Batting: RHB Ángel López 0-0: Ball
1-0: Fly out, F9 (Flyball, 89M)
Runner from 3rd tags up, OUT at HOME
Bottom of the 2nd over - 0 run(s), 2 hit(s), 1 error(s), 2 left on base; Athletic Club KC 1 - Santa Barbara 0
TOP OF THE 3RD
Athletic Club KC Reserves batting - Pitching for Santa Barbara Golden Cranes : RHP Jim Unknown
Batting: RHB Bill Dennis 0-0: Called Strike
0-1: SINGLE (Line Drive, 4M)
Batting: LHB Rafael García 0-0: Called Strike
Pickoff Throw by Catcher to First - Out!
0-1: Ball
1-1: SINGLE (Groundball, 4MD)
Batting: RHB Robert Hill 0-0: Called Strike
0-1: Ball
1-1: Swinging Strike
1-2: Fielders Choice at 2nd, 4-6 (Groundball, 4)
Batting: LHB Eduardo López 0-0: Ball
1-0: Foul Ball, location: 2F
1-1: Fielders Choice at 2nd, U4 (Groundball, 4M)
Top of the 3rd over - 0 run(s), 2 hit(s), 0 error(s), 1 left on base; Athletic Club KC 1 - Santa Barbara 0
BOTTOM OF THE 3RD
Santa Barbara Golden Cranes batting - Pitching for Athletic Club KC Reserves : RHP Eric Sharp
Batting: RHB José Masaferro 0-0: Called Strike
0-1: Called Strike
0-2: Ball
1-2: Foul Ball, location: 2F
1-2: Foul Ball, location: 2F
1-2: Ground out 5-3 (Groundball, 56S)
Batting: RHB Kyle Dempsey 0-0: Ground out 6-3 (Groundball, 6)
Batting: RHB Tom Baker 0-0: Ball
1-0: Foul Ball, location: 2F
1-1: Foul Ball, location: 2F
1-2: Foul Ball, location: 2F
1-2: Ball
2-2: Fly out, F6 (Popup, 6)
Bottom of the 3rd over - 0 run(s), 0 hit(s), 0 error(s), 0 left on base; Athletic Club KC 1 - Santa Barbara 0
TOP OF THE 4TH
Athletic Club KC Reserves batting - Pitching for Santa Barbara Golden Cranes : RHP Jim Unknown
Batting: RHB Máximo Padilla 0-0: SINGLE (Line Drive, 4MD)
Batting: SHB Evan Adams 0-0: Swinging Strike
0-1: Ball
1-1: Foul Ball, location: 2F
1-2: Strikes out swinging
Batting: LHB Greg Robinson 0-0: Called Strike
0-1: Foul Ball, location: 2F
0-2: Foul Ball, location: 2F
0-2: Ball
1-2: Foul Ball, location: 2F
1-2: Ball
2-2: Foul Ball, location: 2F
2-2: Fielders Choice at 2nd, 3-6 (Groundball, 3)
Batting: RHB Javier Díaz 0-0: Ball
1-0: Called Strike
1-1: Fly out, F8 (Flyball, 8RM)
Top of the 4th over - 0 run(s), 1 hit(s), 0 error(s), 1 left on base; Athletic Club KC 1 - Santa Barbara 0
BOTTOM OF THE 4TH
Santa Barbara Golden Cranes batting - Pitching for Athletic Club KC Reserves : RHP Eric Sharp
Batting: RHB Bill Taylor 0-0: Ball
1-0: SOLO HOME RUN (Flyball, 7LD), Distance : 355 ft
Batting: SHB Shojiro Kimura 0-0: Ball
1-0: Called Strike
1-1: Foul Ball, location: 2F
1-2: DOUBLE (Groundball, 5D)
Batting: LHB Miguel Mendoza 0-0: Ball
1-0: Ground out 5-3 (Groundball, 56S)
Shojiro Kimura to third
Batting: RHB Ricardo Pérez 0-0: Foul Ball, location: 2F
0-1: Swinging Strike
0-2: Ball
1-2: Fly out, F6 (Popup, 6)
Batting: RHB Bill Childers 0-0: Called Strike
0-1: Ball
1-1: Swinging Strike
1-2: Ball
2-2: Strikes out looking
Bottom of the 4th over - 1 run(s), 2 hit(s), 0 error(s), 1 left on base; Athletic Club KC 1 - Santa Barbara 1
TOP OF THE 5TH
Athletic Club KC Reserves batting - Pitching for Santa Barbara Golden Cranes : RHP Jim Unknown
Batting: LHB Matt Hartnett 0-0: Ground out 2-3 (Groundball, 2L)
Batting: RHB Bill Dennis 0-0: Called Strike
0-1: Foul Ball, location: 2F
0-2: Ball
1-2: Fly out, F7 (Flyball, 78M)
Batting: LHB Rafael García 0-0: Called Strike
0-1: Ball
1-1: Swinging Strike
1-2: Foul Ball, location: 2F
1-2: Strikes out swinging
Top of the 5th over - 0 run(s), 0 hit(s), 0 error(s), 0 left on base; Athletic Club KC 1 - Santa Barbara 1
BOTTOM OF THE 5TH
Santa Barbara Golden Cranes batting - Pitching for Athletic Club KC Reserves : RHP Eric Sharp
Batting: RHB Ángel López 0-0: Called Strike
0-1: Called Strike
0-2: Strikes out swinging
Batting: RHB José Masaferro 0-0: Ball
1-0: Ball
2-0: Called Strike
2-1: Ground out 2-3 (Groundball, 23)
Batting: RHB Kyle Dempsey 0-0: Ball
1-0: Ball
2-0: Called Strike
2-1: Foul Ball, location: 2F
2-2: Ball
3-2: Fly out, F5 (Line Drive, 56)
Bottom of the 5th over - 0 run(s), 0 hit(s), 0 error(s), 0 left on base; Athletic Club KC 1 - Santa Barbara 1
TOP OF THE 6TH
Athletic Club KC Reserves batting - Pitching for Santa Barbara Golden Cranes : RHP Jim Unknown
Batting: RHB Robert Hill 0-0: Called Strike
0-1: Ball
1-1: Swinging Strike
1-2: Ball
2-2: Fly out, F9 (Flyball, 89D)
Batting: LHB Eduardo López 0-0: Ball
1-0: Ball
2-0: Fly out, F6 (Popup, 6D)
Batting: RHB Máximo Padilla 0-0: Called Strike
0-1: Swinging Strike
0-2: Ball
1-2: Ball
2-2: Strikes out swinging
Top of the 6th over - 0 run(s), 0 hit(s), 0 error(s), 0 left on base; Athletic Club KC 1 - Santa Barbara 1
BOTTOM OF THE 6TH
Santa Barbara Golden Cranes batting - Pitching for Athletic Club KC Reserves : RHP Eric Sharp
Batting: RHB Tom Baker 0-0: Fly out, F8 (Line Drive, 8LM)
Batting: RHB Bill Taylor 0-0: Foul Ball, location: 2F
0-1: Ball
1-1: Foul Ball, location: 2F
1-2: Ground out 6-3 (Groundball, 6M)
Batting: SHB Shojiro Kimura 0-0: Called Strike
0-1: Foul Ball, location: 2F
0-2: Foul Ball, location: 2F
0-2: Ball
1-2: Ball
2-2: Ball
3-2: Ground out 4-3 (Groundball, 34)
Bottom of the 6th over - 0 run(s), 0 hit(s), 0 error(s), 0 left on base; Athletic Club KC 1 - Santa Barbara 1
TOP OF THE 7TH
Athletic Club KC Reserves batting - Pitching for Santa Barbara Golden Cranes : RHP Jim Unknown
Batting: SHB Evan Adams 0-0: Called Strike
0-1: Called Strike
0-2: Ball
1-2: Ball
2-2: Foul Ball, location: 2F
2-2: Foul Ball, location: 2F
2-2: Strikes out swinging
Batting: LHB Greg Robinson 0-0: Ball
1-0: Called Strike
1-1: Ball
2-1: Fly out, F9 (Flyball, 9D)
Batting: RHB Javier Díaz 0-0: Called Strike
0-1: Called Strike
0-2: Ball
1-2: Ball
2-2: Ball
3-2: Foul Ball, location: 2F
3-2: Fly out, F8 (Flyball, 8LM)
Top of the 7th over - 0 run(s), 0 hit(s), 0 error(s), 0 left on base; Athletic Club KC 1 - Santa Barbara 1
BOTTOM OF THE 7TH
Santa Barbara Golden Cranes batting - Pitching for Athletic Club KC Reserves : RHP Eric Sharp
Batting: LHB Miguel Mendoza 0-0: Ball
1-0: Ball
2-0: Ball
3-0: Called Strike
3-1: SINGLE (Flyball, 78S)
Batting: RHB Ricardo Pérez 0-0: Ball
1-0: Bunt - Flyout! F2
Pinch Hitting: SHB Jim Unknown 0-0: Swinging Strike
0-1: Ball
1-1: Foul Ball, location: 2F
1-2: Ball
2-2: Ground out 3-1 (Groundball, 34S)
Miguel Mendoza to second
Pinch Hitting: RHB Carlos Rodríguez 0-0: Foul Ball, location: 2F
0-1: Ball
1-1: Swinging Strike
1-2: Strikes out swinging
Bottom of the 7th over - 0 run(s), 1 hit(s), 0 error(s), 1 left on base; Athletic Club KC 1 - Santa Barbara 1
TOP OF THE 8TH
Athletic Club KC Reserves batting - Pitching for Santa Barbara Golden Cranes : RHP Jim Unknown
Now at 3B: Carlos Rodríguez
Now in LF: Jim Unknown
Batting: LHB Matt Hartnett 0-0: Ball
1-0: Ball
2-0: Ball
3-0: Base on Balls
Batting: RHB Bill Dennis 0-0: SINGLE (Groundball, 56D)
Matt Hartnett to second
Batting: LHB Rafael García 0-0: Called Strike
0-1: Called Strike
0-2: Strikes out swinging
Batting: RHB Robert Hill 0-0: Called Strike
0-1: Called Strike
0-2: Ball
1-2: Ball
2-2: Foul Ball, location: 2F
2-2: Ball
3-2: Strikes out swinging
Batting: LHB Eduardo López 0-0: Called Strike
0-1: Foul Ball, location: 2F
0-2: Foul Ball, location: 2F
0-2: Ground out 5-3 (Groundball, 56)
Top of the 8th over - 0 run(s), 1 hit(s), 0 error(s), 2 left on base; Athletic Club KC 1 - Santa Barbara 1
BOTTOM OF THE 8TH
Santa Barbara Golden Cranes batting - Pitching for Athletic Club KC Reserves : RHP Eric Sharp
Batting: RHB José Masaferro 0-0: Ground out 6-3 (Groundball, 4M)
Batting: RHB Kyle Dempsey 0-0: Called Strike
0-1: Foul Ball, location: 2F
0-2: SINGLE (Line Drive, 9S)
Pitching: RHP Tony Madden
Batting: RHB Tom Baker 0-0: Ball
1-0: Called Strike
1-1: Foul Ball, location: 2F
1-2: Foul Ball, location: 2F
1-2: Ball
2-2: Foul Ball, location: 2F
2-2: Strikes out looking
Batting: RHB Bill Taylor 0-0: Ball
1-0: Ball
2-0: Ball
3-0: Base on Balls
Kyle Dempsey to second
Batting: SHB Shojiro Kimura 0-0: Foul Ball, location: 2F
0-1: Swinging Strike
0-2: Foul Ball, location: 2F
0-2: Ball
1-2: Foul Ball, location: 2F
1-2: Ground out 1-3 (Groundball, 15)
Bottom of the 8th over - 0 run(s), 1 hit(s), 0 error(s), 2 left on base; Athletic Club KC 1 - Santa Barbara 1
TOP OF THE 9TH
Athletic Club KC Reserves batting - Pitching for Santa Barbara Golden Cranes : RHP Jim Unknown
Batting: RHB Máximo Padilla 0-0: Ball
1-0: Swinging Strike
1-1: Foul Ball, location: 2F
1-2: Strikes out swinging
Batting: SHB Evan Adams 0-0: Foul Ball, location: 2F
0-1: Fly out, F8 (Flyball, 8LM)
Batting: LHB Greg Robinson 0-0: Foul Ball, location: 2F
0-1: Ball
1-1: Ball
2-1: Foul Ball, location: 2F
2-2: Fly out, F7 (Flyball, 78S)
Top of the 9th over - 0 run(s), 0 hit(s), 0 error(s), 0 left on base; Athletic Club KC 1 - Santa Barbara 1
BOTTOM OF THE 9TH
Santa Barbara Golden Cranes batting - Pitching for Athletic Club KC Reserves : RHP Tony Madden
Batting: LHB Miguel Mendoza 0-0: Ball
1-0: Ground out 4-3 (Groundball, 4)
Pinch Hitting: SHB Stephen Baldwin 0-0: Ball
1-0: Ground out U3 (Groundball, 3)
Batting: SHB Jim Unknown 0-0: Called Strike
0-1: Fly out, F4 (Popup, 4D)
Bottom of the 9th over - 0 run(s), 0 hit(s), 0 error(s), 0 left on base; Athletic Club KC 1 - Santa Barbara 1
TOP OF THE 10TH
Athletic Club KC Reserves batting - Pitching for Santa Barbara Golden Cranes : RHP Jim Unknown
Pitching: LHP Jesús Tejeda
Now at 3B: Stephen Baldwin
Batting: RHB Javier Díaz 0-0: Fly out, F8 (Flyball, 8RM)
Pinch Hitting: RHB Allen Murphy 0-0: Ball
1-0: DOUBLE (Groundball, 5L)
Batting: RHB Bill Dennis 0-0: Intentional Walk
Batting: LHB Rafael García 0-0: Swinging Strike
0-1: Foul Ball, location: 2F
0-2: Ground out 6-3 (Groundball, 6MS)
Allen Murphy to third
Bill Dennis to second
Batting: RHB Robert Hill 0-0: Called Strike
0-1: Ground out 4-3 (Groundball, 4)
Top of the 10th over - 0 run(s), 1 hit(s), 0 error(s), 2 left on base; Athletic Club KC 1 - Santa Barbara 1
BOTTOM OF THE 10TH
Santa Barbara Golden Cranes batting - Pitching for Athletic Club KC Reserves : RHP Tony Madden
Now in LF: Dave Robertson
Batting: RHB Carlos Rodríguez 0-0: Ball
1-0: Ground out 4-3 (Groundball, 4)
Batting: RHB José Masaferro 0-0: Foul Ball, location: 2F
0-1: Foul Ball, location: 2F
0-2: Strikes out looking
Batting: RHB Kyle Dempsey 0-0: Ball
1-0: Foul Ball, location: 2F
1-1: Fly out, F7 (Flyball, 7M)
Bottom of the 10th over - 0 run(s), 0 hit(s), 0 error(s), 0 left on base; Athletic Club KC 1 - Santa Barbara 1
TOP OF THE 11TH
Athletic Club KC Reserves batting - Pitching for Santa Barbara Golden Cranes : LHP Jesús Tejeda
Pinch Hitting: RHB Jim Unknown 0-0: Called Strike
0-1: Called Strike
0-2: Foul Ball, location: 2F
0-2: Ground out 6-3 (Groundball, 6)
Batting: RHB Máximo Padilla 0-0: Called Strike
0-1: Foul Ball, location: 2F
0-2: Ball
1-2: Strikes out swinging
Batting: SHB Evan Adams 0-0: Called Strike
0-1: Foul Ball, location: 2F
0-2: Ball
1-2: Ball
2-2: Foul Ball, location: 2F
2-2: SINGLE (Groundball, 6MD)
Batting: LHB Greg Robinson 0-0: Ball
1-0: Ball
2-0: Ball
3-0: Called Strike
3-1: Called Strike
3-2: Ground out U3 (Groundball, 3)
Top of the 11th over - 0 run(s), 1 hit(s), 0 error(s), 1 left on base; Athletic Club KC 1 - Santa Barbara 1
BOTTOM OF THE 11TH
Santa Barbara Golden Cranes batting - Pitching for Athletic Club KC Reserves : RHP Tony Madden
Now at C: Stu Henderson
Batting: RHB Tom Baker 0-0: Ball
1-0: Ground out 1-3 (Groundball, 13S)
Batting: RHB Bill Taylor 0-0: SINGLE (Groundball, 56)
Batting: SHB Shojiro Kimura 0-0: Ball
1-0: Called Strike
Bill Taylor is caught stealing 2nd base
1-1: Ball
2-1: Foul Ball, location: 2F
2-2: SINGLE (Groundball, 3S)
Batting: LHB Miguel Mendoza 0-0: Called Strike
0-1: Ball
1-1: Swinging Strike
1-2: Ground out 1-3 (Groundball, 25)
Bottom of the 11th over - 0 run(s), 2 hit(s), 0 error(s), 1 left on base; Athletic Club KC 1 - Santa Barbara 1
TOP OF THE 12TH
Athletic Club KC Reserves batting - Pitching for Santa Barbara Golden Cranes : LHP Jesús Tejeda
Pitching: RHP Carlos Rúbio
Batting: RHB Javier Díaz 0-0: Called Strike
0-1: Foul Ball, location: 2F
0-2: SINGLE (Groundball, 56)
Batting: RHB Dave Robertson 0-0: Called Strike
0-1: Foul Ball, location: 2F
0-2: Ball
1-2: Ball
2-2: Ground out 5-3 (Groundball, 56S)
Javier Díaz to second
Batting: RHB Bill Dennis 0-0: Swinging Strike
0-1: 2-RUN HOME RUN (Flyball, 78XD), Distance : 406 ft
Batting: LHB Rafael García 0-0: Called Strike
0-1: Ball
1-1: Ground out 4-3 (Groundball, 4)
Batting: RHB Robert Hill 0-0: Foul Ball, location: 2F
0-1: Ball
1-1: Ball
2-1: Swinging Strike
2-2: Strikes out looking
Top of the 12th over - 2 run(s), 2 hit(s), 0 error(s), 0 left on base; Athletic Club KC 3 - Santa Barbara 1
BOTTOM OF THE 12TH
Santa Barbara Golden Cranes batting - Pitching for Athletic Club KC Reserves : RHP Tony Madden
Pitching: RHP Gerd Jans
Batting: SHB Stephen Baldwin 0-0: Called Strike
0-1: Foul Ball, location: 2F
0-2: Fly out, F7 (Flyball, 78M)
Batting: SHB Jim Unknown 0-0: Swinging Strike
0-1: Foul Ball, location: 2F
0-2: Foul Ball, location: 2F
0-2: Ball
1-2: Ball
2-2: Fly out, F8 (Flyball, 8LM)
Batting: RHB Carlos Rodríguez 0-0: SINGLE (Flyball, 9LS)
Batting: RHB José Masaferro 0-0: Ball
1-0: Foul Ball, location: 2F
1-1: Ball
2-1: SINGLE (Groundball, 4D)
Carlos Rodríguez to second
Runner from 2nd tries for 3rd, SAFE, throw made to third
Batting: RHB Kyle Dempsey 0-0: Ball
1-0: Ball
2-0: Ball
3-0: Called Strike
3-1: SINGLE (Groundball, 6MD)
Carlos Rodríguez scores
José Masaferro to second
Batting: RHB Tom Baker 0-0: Ball
1-0: Ball
2-0: Fly out, F9 (Flyball, 9M)
Bottom of the 12th over - 1 run(s), 3 hit(s), 0 error(s), 2 left on base; Athletic Club KC 3 - Santa Barbara 2
This league is powered by Out of the Park Baseball, the baseball management simulation game for PC, Mac and Linux
Friday, January 22nd, 2016 - OOTP Baseball 16.9 Build 39